 Dungeon Crawl Stone Soup version 0.30-a0-29-g142975f185 (webtiles) character file.

Game seed: 6787230364473141044

959 Pludal the Covert (level 7, -5/32 HPs)
             Began as a Spriggan Enchanter on Aug 26, 2022.
             Slain by a lemure (6 damage)
             ... led by Pikel
             ... on level 5 of the Dungeon.
             The game lasted 00:16:02 (6399 turns).

Pludal the Covert (Spriggan Enchanter)              Turns: 6399, Time: 00:16:03

Health: -5/32      AC:  2    Str:  6    XL:     7   Next: 91%
Magic:  21/27      EV: 18    Int: 16    God:
Gold:   238        SH:  0    Dex: 22    Spells: 6/20 levels left

rFire   . . .      SeeInvis +    a - +2 dagger
rCold   . . .      Faith    .    (no shield)
rNeg    . . .      Spirit   .    b - +0 robe
rPois   .          Reflect  .    (helmet restricted)
rElec   .          Harm     .    (no cloak)
rCorr   .          Rampage  .    (gloves unavailable)
Will    +....                    (boots unavailable)
Stlth   ++++......               (no amulet)
HPRegen 0.10/turn                j - ring of magical power
MPRegen 0.20/turn                k - +6 ring of dexterity

@: very quick
A: very small, no large weapons, unfitting armour, see invisible, speed 3
a: no special abilities


You were on level 5 of the Dungeon.
You visited 1 branch of the dungeon, and saw 5 of its levels.
You also visited: Ossuary.

You collected 238 gold pieces.

Inventory:

Hand Weapons
 a - a +2 dagger (weapon)
 o - a +1 dagger of venom
Armour
 b - a +0 robe (worn)
Jewellery
 j - a ring of magical power (left hand)
 k - a +6 ring of dexterity (right hand)
Wands
 f - a wand of roots (9)
Scrolls
 e - 4 scrolls of teleportation
 g - 4 scrolls of identify
 h - 2 scrolls of fear
 i - a scroll of immolation
 m - 3 scrolls of amnesia
 n - a scroll of butterflies
Potions
 c - 2 potions of invisibility
 d - a potion of resistance


   Skills:
 - Level 1.1 Short Blades
 - Level 2.6 Dodging
 + Level 8.1 Stealth
 + Level 7.2 Spellcasting
 + Level 7.6 Hexes


You had 6 spell levels left.
You knew the following spells:

 Your Spells              Type           Power      Damage    Failure   Level
a - Ensorcelled Hibernat  Hex/Ice        36%        N/A       3%          2
b - Tukima's Dance        Hex            30%        N/A       1%          3
c - Dazzling Flash        Conj/Hex       36%        N/A       8%          3
d - Confusing Touch       Hex            30%        N/A       1%          3
e - Summon Guardian Gole  Hex/Summ       18%        N/A       8%          3

Your spell library contained the following spells:

 Spells                   Type           Power      Damage    Failure   Level
 Slow                     Hex            100%       N/A       1%          1
 Summon Small Mammal      Summ           20%        N/A       12%         1
 Call Canine Familiar     Summ           5%         N/A       36%         3
 Vampiric Draining        Necr           5%         2d6       36%         3


Dungeon Overview and Level Annotations

Branches:
Dungeon (5/15)            Ossuary (visited)
 Temple: D:4-7

Altars:
Kikubaaqudgha
Vehumet

Annotations:
D:5 Pikel


Innate Abilities, Weirdness & Mutations

You are very small and have problems with some larger weapons.
You are too small for most types of armour.
You have supernaturally acute eyesight. (SInv)
You cover ground extremely quickly. (Speed+++)


Message History

Aiming: Ensorcelled Hibernation (safe; 3% risk of failure)
Press: ? - help, Shift-Dir - straight line, f - Pikel
Aim: Pikel, wielding a +0 whip of freezing and wearing a +0 robe (chance to affect: 50%) Pikel resists with some effort.
Pikel hits you with a +0 whip of freezing!
Pikel freezes you. The lemure hits you!
Pikel says, "I touched Geryon's horn once."
You see here an iguana corpse.
Pikel shouts!
You hit the lemure.
The lemure is lightly wounded.
The lemure completely misses you.
Casting: Ensorcelled Hibernation (safe; 3% risk of failure)
Confirm with . or Enter, or press ? or * to list all spells.
Aiming: Ensorcelled Hibernation (safe; 3% risk of failure)
Press: ? - help, Shift-Dir - straight line, f - lemure
Aim: a lemure (lightly wounded, chance to affect: 50%)
The lemure resists with some effort.
The lemure completely misses you. The lemure hits you!
Unknown command.
Casting: Ensorcelled Hibernation (safe; 3% risk of failure)
Confirm with . or Enter, or press ? or * to list all spells.
Aiming: Ensorcelled Hibernation (safe; 3% risk of failure)
Press: ? - help, Shift-Dir - straight line, f/p - lemure
Aim: a lemure (lightly wounded, chance to affect: 50%)
The lemure resists with some effort.
The lemure hits you!
* * * LOW HITPOINT WARNING * * *
The lemure barely misses you.
Unknown command.
Casting: Ensorcelled Hibernation (safe; 3% risk of failure)
Confirm with . or Enter, or press ? or * to list all spells.
Aiming: Ensorcelled Hibernation (safe; 3% risk of failure)
Press: ? - help, Shift-Dir - straight line, f/p - lemure
Aim: a lemure (lightly wounded, chance to affect: 50%)
The lemure looks drowsy...
The lemure barely misses you.
The helpless lemure fails to defend itself.
You skewer the lemure like a kebab!!!
You kill the lemure!
That felt strangely unrewarding.
The lemure hits you.
You die...

. #......#.#.#/_.#.##.#
..####......#.#.......## .
............+.....#....+
...##.......###.......##
....#.......#.†..55####
........†...#K####.#
....#..........# #.#
....#.#######..###.##
................@55.#
..#.#.############......##...
..+.#..#### #.####..#..
..#.#..... .<####+#####...
..###..######.............##
............#..............###
###.........+............#...##
#.........#............###..###
#.........#............'......#


You could see 2 lemures.

Vanquished Creatures
  Prince Ribbit (D:5)
  An ice beast (D:5)
  A lemure (D:5)
  3 necrophages
  A wyvern zombie (Ossuary)
  A jelly (D:5)
  An orc priest (D:3)
  A bullfrog zombie (Ossuary)
  4 iguanas
  An orc wizard (D:4)
  A mummy (Ossuary)
  Robin (D:3)
  5 adders
  3 gnolls (D:2)
  A shadow imp (D:5)
  16 orcs
  2 bat zombies (D:4)
  4 endoplasms
  2 giant cockroaches
  12 goblins
  6 hobgoblins
  2 jackals (D:4)
  5 kobolds
  5 quokkas
  6 ball pythons
  2 bats
  4 frilled lizards
  2 rats (D:1)
  2 rat zombies (D:4)
96 creatures vanquished.

Vanquished Creatures (collateral kills)
  Jessica (D:3)
1 creature vanquished.

Vanquished Creatures (others)
  4 withered plants (Ossuary)
4 creatures vanquished.

Grand Total: 101 creatures vanquished

Notes
Turn   | Place    | Note
-------+----------+-------------------------------------------
     0 | D:1      | Pludal the Spriggan Enchanter began the quest for the Orb.
     0 | D:1      | Reached XP level 1. HP: 9/9 MP: 5/5
   659 | D:1      | Reached XP level 2. HP: 13/13 MP: 7/7
   662 | D:1      | Learned a level 2 spell: Ensorcelled Hibernation
  1488 | D:2      | Reached XP level 3. HP: 16/16 MP: 9/9
  1931 | D:2      | Found a faded altar of an unknown god.
  2095 | D:2      | Reached XP level 4. HP: 16/21 MP: 1/11
  2113 | D:2      | Learned a level 3 spell: Tukima's Dance
  2117 | D:2      | Reached skill level 5 in Hexes
  2844 | D:3      | Noticed Jessica
  2857 | D:3      | Reached XP level 5. HP: 18/24 MP: 3/13
  2944 | D:3      | Killed Jessica
  2945 | D:3      | Reached skill level 5 in Spellcasting
  2950 | D:3      | Learned a level 3 spell: Confusing Touch
  3155 | D:3      | Noticed Robin
  3185 | D:3      | Killed Robin
  3738 | D:3      | Learned a level 3 spell: Dazzling Flash
  4168 | D:4      | Reached skill level 5 in Stealth
  4545 | D:4      | Reached XP level 6. HP: 17/28 MP: 15/15
  4955 | D:4      | Reached skill level 6 in Stealth
  5148 | D:4      | Found an ancient bone altar of Kikubaaqudgha.
  5216 | D:5      | Entered Level 5 of the Dungeon
  5355 | D:5      | Noticed an ice beast
  5358 | D:5      | Killed an ice beast
  5359 | D:5      | Reached XP level 7. HP: 18/32 MP: 17/17
  5388 | D:5      | Reached skill level 7 in Stealth
  5465 | D:5      | Found a sand-covered staircase.
  5471 | D:5      | Learned a level 3 spell: Summon Guardian Golem
  5477 | Ossuary  | Entered an ossuary
  6028 | D:5      | Noticed Prince Ribbit
  6039 | D:5      | Killed Prince Ribbit
  6040 | D:5      | Reached skill level 8 in Stealth
  6352 | D:5      | Found a radiant altar of Vehumet.
  6356 | D:5      | Noticed Pikel
  6397 | D:5      | HP: 1/32 [lemure[Pikel] (9)]
  6399 | D:5      | Slain by a lemure

Illustrated notes

Levels and vault maps discovered:
D:1:      reono_arrival_mine, layout_basic, serial_bayou_pond_e
D:2:      layout_basic, hellmonk_ecumenical_altar_run_dry
D:3:      cheibrodos_old_hovel, layout_basic, uniq_robin, uniq_jessica
D:4:      layout_loops_cross, lemuel_zombie_altar_kikubaaqudgha,
          corexii_item_surrounded_by_moat
D:5:      layout_basic, vehumet_altar_wand_db, chequers_ossuary_entry_cave,
          minmay_misc_feat_encased, corexii_shack, minivault_25, uniq_pikel,
          uniq_prince_ribbit1

Skill      XL: |  1  2  3  4  5  6  7 |
---------------+----------------------+-----
Spellcasting   | 3 4 5 6 7 |  7.2
Hexes          | 4 5 6 7 |  7.6
Stealth        | 5 6 8 |  8.1
Short Blades   | |  1.1
Dodging        | |  2.6

Action                   |  1- 3 |  4- 6 |  7- 9 || total
-------------------------+-------+-------+-------++-------
Melee: Dagger            |    75 |   142 |    30 ||   247
       Punch             |     1 |     1 |     1 ||     3
 Cast: Ensorcelled Hiber |     6 |    29 |    15 ||    50
       Tukima's Dance    |       |     2 |       ||     2
       Confusing Touch   |       |     4 |       ||     4
  Use: Scroll            |     9 |     4 |       ||    13
       Potion            |       |     3 |     2 ||     5
 Stab: Sleeping          |    18 |    21 |     8 ||    47
       Confused          |       |     4 |       ||     4
       Invisible         |       |       |     5 ||     5
Armor: Robe              |     5 |    10 |       ||    15
       Skin              |       |     4 |       ||     4
Dodge: Dodged            |    38 |    93 |    33 ||   164

Table legend: (Time is in decaauts)
 A = Elapsed time spent in this place.
 B = Non-inter-level travel time spent in this place.
 C = Inter-level travel time spent in this place.
 D = Time resting spent in this place.
 E = Time spent auto-exploring this place.
 F = Levels seen in this place.
 G = Mean time per level.
                   A        B        C        D        E       F      G
               +--------+--------+--------+--------+--------+-----+--------+
         Total |   4995 |   4927 |     68 |    417 |   3741 |   6 |  832.5 |
       Dungeon |   4778 |   4710 |     68 |    329 |   3643 |   5 |  955.6 |
       Ossuary |    216 |    216 |      0 |     88 |     97 |   1 |  216.0 |
               +--------+--------+--------+--------+--------+-----+--------+

Top non-repeatable levels by time:
     D:3: 1382 daAuts
     D:1: 1035 daAuts
     D:4: 858 daAuts
     D:5: 756 daAuts
     D:2: 747 daAuts
 Ossuary: 216 daAuts
